 Dungeon Sprint DCSS version 0.27-a0-1322-gfdffb62a71 (webtiles) character file.

Game seed: 13453749514513196569

7415 mhtbhm the Protected (level 11, -8/76 HPs)
             Began as a Gargoyle Fighter on June 22, 2021.
             Was the Champion of Yredelemnul.
             Killed from afar by an ancient lich (54 damage)
             ... with a crystal spear
             ... in the Dungeon (Sprint VII: "The Pits").
             The game lasted 00:04:59 (2517 turns).

mhtbhm the Protected (Gargoyle Fighter)             Turns: 2517, Time: 00:05:00

Health: -8/76      AC: 30    Str: 27    XL:     11   Next: 14%
Magic:  17/17      EV:  9    Int:  8    God:    Yredelemnul [******]
Gold:   0          SH:  0    Dex:  9    Spells: 10/10 levels left

rFire    + + .     SeeInvis .   a - +7 great mace "Firestarter" {inner flame, rF++}
rCold    . . .     Faith    .   (shield currently unavailable)
rNeg     + . .     Spirit   .   b - +3 plate armour
rPois    ∞         Reflect  .   (no helmet)
rElec    +         Harm     .   (no cloak)
rCorr    .         Rampage  .   (no gloves)
Will     .....     NoTele   +   (no boots)
Stlth    ..........             (no amulet)
HPRegen  0.22/turn              d - +3 ring of protection
MPRegen  0.15/turn              o - +3 ring of strength

@: no status effects
A: sickness immunity, AC +8, negative energy resistance 1, electricity
resistance, torment resistance 1, petrification resistance
a: Renounce Religion, Recall Undead Slaves, Injury Mirror, Animate Dead, Drain
Life, Enslave Soul


You were in the Dungeon.
You worshipped Yredelemnul.
Yredelemnul was exalted by your worship.
You visited 1 branch

Inventory:

Hand Weapons
 a - the +7 great mace "Firestarter" (weapon) {inner flame, rF++}
   (You found it in the Dungeon)

   It has been specially enchanted to burn those struck by it, causing extra
   injury to most foes and up to half again as much damage against particularly
   susceptible opponents.
   It greatly protects you from fire.
Missiles
 c - a curare-tipped dart (quivered)
Armour
 b - a +3 plate armour (worn)
Jewellery
 d - a +3 ring of protection (left hand)
 o - a +3 ring of strength (right hand)
Scrolls
 j - a scroll of blinking
 l - 5 scrolls of amnesia
 m - a scroll of summoning
Potions
 e - 10 potions of curing
 f - 7 potions of heal wounds
 g - 2 potions of haste
 h - 4 potions of magic
 i - 4 potions of berserk rage
 k - 2 potions of invisibility
 n - a potion of might


   Skills:
 + Level 11.8 Fighting
 + Level 14.6 Maces & Flails
 + Level 14.8 Armour
 + Level 3.7 Dodging
 + Level 3.3 Stealth
 + Level 11.1 Shields
 + Level 8.9 Invocations


You had 10 spell levels left.
You didn't know any spells.
Your spell library was empty.

Dungeon Overview and Level Annotations

Branches:
Dungeon (1/1)

Altars:
Ashenzari
Cheibriados
Dithmenos
Elyvilon
Fedhas
Gozag
Hepliaklqana
Kikubaaqudgha
Makhleb
Nemelex Xobeh
Okawaru
Qazlal
Ru
Sif Muna
Trog
Uskayaw
Vehumet
Wu Jian
Xom
Yredelemnul
Zin
The Shining One
Beogh
Jiyva
Lugonu


Innate Abilities, Weirdness & Mutations

You are immune to sickness and miasma.
Your stone body is resilient. (AC +8)
You are immune to poison.
You resist negative energy. (rN+)
You are resistant to electric shocks. (rElec)
You are resistant to unholy torment.
You are immune to petrification.


Message History

Your deep elf zephyrmancer zombie is engulfed in blazing flames.
There is an open door here.
You swap places.
Your deep elf zephyrmancer zombie is engulfed in blazing flames.
You destroy your deep elf zephyrmancer zombie!
Your mummy is engulfed in blazing flames.
You destroy your mummy!
There is a large open door to the Hallway of Sentries (Extremely Hard) here.
You swap places.
There is a large open door to the Hallway of Sentries (Extremely Hard) here.
You start resting.
You start resting.
HP restored.
You swap places.
There is a large open door to the Hallway of Sentries (Extremely Hard) here.
There is a large open door to the Hallway of Sentries (Extremely Hard) here.
There is an open door here.
Things that are here:
a +0 long sword; a +0 leather armour You open the door.
An ancient lich comes into view.
The ancient lich shouts!
The ancient lich casts a spell.
The ancient lich flickers and vanishes!
Deactivating autopickup; reactivate with Ctrl-A.
No target in view!
You hear some strange, mumbled words.
You are unaffected.
There is an open door here.
You completely miss something.
You hear some strange, mumbled words.
A crystal spear appears from out of thin air!
The crystal spear hits you!!
Your plate armour prevents you from hitting something.
You hear some strange, mumbled words.
A crystal spear appears from out of thin air!
The crystal spear hits you!!!
Ouch! That really hurt!
You die...
Your body rises from the dead as a mindless zombie.

#+# #{# #@# #Z#
#'# #.# #'#
################'#
.................#
.................#
+##############..#


You could see a friendly gnoll zombie.

Vanquished Creatures
  A swamp dragon (D)
  A phantasmal warrior (D)
  A deep elf zephyrmancer (D)
  A tormentor (D)
  4 flying skulls (D)
  2 vampires (D)
  A tarantella (D)
  4 redbacks (D)
  A ynoxinul (D)
  A fire bat (D)
  A wraith (D)
  An acid dragon (D)
  A sky beast (D)
  A wolf (D)
  A black bear (D)
  A kobold brigand (D)
  A gnoll sergeant (D)
  A scorpion (D)
  2 killer bees (D)
  A quasit (D)
  A ghost moth zombie (D)
  A mummy (D)
  An elf zombie (D)
  An adder (D)
  2 gnolls (D)
  A vampire mosquito zombie (D)
  An orc (D)
  An endoplasm (D)
  6 jackals (D)
  A kobold zombie (D)
  A quokka (D)
  A ball python zombie (D)
  A bat (D)
  3 gnoll zombies (D)
  3 goblins (D)
  3 jackal zombies (D)
  3 killer bee zombies (D)
  A quokka zombie (D)
  A sky beast zombie (D)
61 creatures vanquished.

Vanquished Creatures (collateral kills)
  A Tzitzimitl (D)
  A ghost moth (D)
  A shadow wraith (D)
  An efreet (D)
  A redback (D)
  A wraith (D)
  2 vampire mosquitoes (D)
  Menkaure (D)
  A floating eye (D)
  2 killer bees (D)
  A mummy (D)
  3 gnolls (D)
  An orc (D)
  An endoplasm (D)
  A jackal (D)
19 creatures vanquished.

Vanquished Creatures (others)
  2 wights (D)
  A mummy (D)
  A black bear zombie (D)
  An adder zombie (D)
  A goblin zombie (D)
  A jackal zombie (D)
7 creatures vanquished.

Grand Total: 87 creatures vanquished

Notes
Turn   | Place    | Note
-------+----------+-------------------------------------------
     0 | D        | mhtbhm the Gargoyle Fighter began the quest for the Orb.
     0 | D        | Reached XP level 1. HP: 14/14 MP: 1/1
    21 | D        | Found a bloodstained altar of Trog.
    21 | D        | Found a shimmering blue altar of Sif Muna.
    21 | D        | Found a viscous altar of Jiyva.
    21 | D        | Found a hazy altar of Hepliaklqana.
    21 | D        | Found an opulent altar of Gozag.
    22 | D        | Found a glowing golden altar of the Shining One.
    22 | D        | Found a glowing silver altar of Zin.
    22 | D        | Found a basalt altar of Yredelemnul.
    22 | D        | Found a shimmering altar of Xom.
    22 | D        | Found an ornate altar of the Wu Jian Council.
    22 | D        | Found a sacrificial altar of Ru.
    22 | D        | Found a stormy altar of Qazlal.
    22 | D        | Found an iron altar of Okawaru.
    22 | D        | Found a sparkling altar of Nemelex Xobeh.
    22 | D        | Found a burning altar of Makhleb.
    22 | D        | Found a blossoming altar of Fedhas.
    22 | D        | Found a white marble altar of Elyvilon.
    22 | D        | Found a shadowy altar of Dithmenos.
    22 | D        | Found a snail-covered altar of Cheibriados.
    24 | D        | Found a radiant altar of Vehumet.
    24 | D        | Found a corrupted altar of Lugonu.
    25 | D        | Found a hide-covered altar of Uskayaw.
    25 | D        | Found an ancient bone altar of Kikubaaqudgha.
    25 | D        | Found a broken altar of Ashenzari.
    29 | D        | Became a worshipper of Yredelemnul the Dark
   198 | D        | Reached * piety under Yredelemnul
   199 | D        | Reached XP level 2. HP: 20/20 MP: 2/2
   261 | D        | Reached ** piety under Yredelemnul
   268 | D        | Reached *** piety under Yredelemnul
   269 | D        | Reached skill level 5 in Armour
   269 | D        | Reached XP level 3. HP: 24/24 MP: 3/3
   356 | D        | Noticed a scorpion
   356 | D        | Noticed a black bear
   358 | D        | Noticed a gnoll sergeant
   368 | D        | Reached **** piety under Yredelemnul
   368 | D        | Received a gift from Yredelemnul (a mummy)
   369 | D        | Noticed a wolf
   377 | D        | Killed a black bear
   378 | D        | Reached skill level 5 in Fighting
   378 | D        | Reached skill level 5 in Maces & Flails
   378 | D        | Reached skill level 5 in Shields
   378 | D        | Reached skill level 1 in Invocations
   378 | D        | Reached XP level 4. HP: 25/32 MP: 3/5
   378 | D        | Reached XP level 5. HP: 28/36 MP: 3/6
   382 | D        | Received a gift from Yredelemnul (a wight)
   383 | D        | Reached skill level 1 in Dodging
   392 | D        | Killed a wolf
   393 | D        | Reached XP level 6. HP: 27/42 MP: 4/7
   403 | D        | Received a gift from Yredelemnul (a mummy)
   425 | D        | Received a gift from Yredelemnul (a flying skull)
   427 | D        | Reached ***** piety under Yredelemnul
   428 | D        | Received a gift from Yredelemnul (a wight)
   484 | D        | Noticed Menkaure
   486 | D        | Killed Menkaure
   487 | D        | Reached XP level 7. HP: 32/48 MP: 9/9
   582 | D        | Noticed an efreet
   587 | D        | Killed an efreet
   794 | D        | Noticed a fire bat
   797 | D        | Killed a fire bat
   797 | D        | Received a gift from Yredelemnul (a flying skull)
   804 | D        | Reached XP level 8. HP: 34/55 MP: 9/11
   916 | D        | Noticed a redback
   933 | D        | Killed a redback
   936 | D        | Reached skill level 10 in Maces & Flails
   944 | D        | Received a gift from Yredelemnul (a phantasmal warrior)
  1182 | D        | Found the +7 great mace "Firestarter" {inner flame, rF++}
  1399 | D        | Noticed a tarantella
  1403 | D        | Killed a tarantella
  1404 | D        | Reached skill level 10 in Armour
  1408 | D        | Killed a flying skull
  1409 | D        | Killed a flying skull
  1409 | D        | Killed a shadow wraith
  1410 | D        | Reached skill level 10 in Shields
  1410 | D        | Reached skill level 5 in Invocations
  1410 | D        | Reached XP level 9. HP: 36/60 MP: 11/13
  1553 | D        | Reached ****** piety under Yredelemnul
  1553 | D        | Received a gift from Yredelemnul (a wraith)
  1563 | D        | Received a gift from Yredelemnul (a vampire)
  1752 | D        | Paralysed by a floating eye for 2 turns
  1765 | D        | Killed a ghost moth
  1766 | D        | Received a gift from Yredelemnul (a wraith)
  1766 | D        | Reached skill level 10 in Fighting
  1766 | D        | Reached XP level 10. HP: 36/68 MP: 0/15
  1851 | D        | Killed a phantasmal warrior
  1874 | D        | Received a gift from Yredelemnul (2 flying skulls)
  2048 | D        | Noticed a swamp dragon
  2048 | D        | Noticed a deep elf zephyrmancer
  2054 | D        | Killed a swamp dragon
  2054 | D        | Killed a deep elf zephyrmancer
  2055 | D        | Received a gift from Yredelemnul (a vampire)
  2055 | D        | Reached skill level 1 in Stealth
  2180 | D        | Noticed a Tzitzimitl
  2185 | D        | Killed a Tzitzimitl
  2186 | D        | Reached XP level 11. HP: 56/76 MP: 15/17
  2514 | D        | Noticed an ancient lich
  2517 | D        | Killed from afar by an ancient lich

Illustrated notes

Levels and vault maps discovered:
D:        pitsprint [storerooms_1, entrance_room_1, metal_vault_6, armoury_2,
          mini_pit_1, grid_room_1, main_hall_1, silver_pit, the_coven_3,
          the_vestibule_1, steel_vault_2, golden_pit, hallway_of_sentries,
          crystal_vault_4, iron_vault_2, final_vault]

Skill      XL: |  1  2  3  4  5  6  7  8  9 10 |
---------------+-------------------------------+-----
Fighting       | 4 5 6 7 8 9 10 11 | 11.8
Armour         | 4 5 6 7 8 9 11 13 14 | 14.8
Shields        | 4 5 7 8 9 10 11 | 11.1
Maces & Flails | 3 5 6 8 9 10 12 14 | 14.6
Invocations    | 1 2 3 4 5 6 8 |  8.9
Dodging        | 1 2 3 |  3.7
Stealth        | 3 |  3.3

Action                   |  1- 3 |  4- 6 |  7- 9 | 10-12 || total
-------------------------+-------+-------+-------+-------++-------
Melee: Mace              |    28 |       |       |       ||    28
       Flail             |    20 |    43 |    39 |       ||   102
       Great mace        |       |       |    27 |    26 ||    53
Invok: Animate Remains   |     2 |       |       |       ||     2
       Animate Dead      |     1 |     3 |     7 |     2 ||    13
  Use: Potion            |       |     3 |       |     1 ||     4
 Stab: Distracted        |       |       |       |     1 ||     1
       Confused          |       |       |       |     1 ||     1
Armor: Scale mail        |    23 |       |       |       ||    23
       Chain mail        |    16 |    47 |    34 |       ||    97
       Plate armour      |       |       |    43 |    33 ||    76
Dodge: Dodged            |    17 |    34 |    45 |    11 ||   107
Block: Kite shield       |    19 |    43 |    27 |       ||    89

Table legend: (Time is in decaauts)
 A = Elapsed time spent in this place.
 B = Non-inter-level travel time spent in this place.
 C = Inter-level travel time spent in this place.
 D = Time resting spent in this place.
 E = Time spent auto-exploring this place.
 F = Levels seen in this place.
 G = Mean time per level.
                   A        B        C        D        E       F      G
               +--------+--------+--------+--------+--------+-----+--------+
         Total |   2558 |   2558 |      0 |   1815 |     24 |   1 | 2558.0 |
       Dungeon |   2558 |   2558 |      0 |   1815 |     24 |   1 | 2558.0 |
               +--------+--------+--------+--------+--------+-----+--------+

Top non-repeatable levels by time:
       D: 2558 daAuts
